 Dungeon Crawl Stone Soup version 0.24-a0-520-g8fd06ad0bc (webtiles) character file.

Game seed: 2671393608987896880

281 soiiure the Sneak (level 6, 0/47 HPs)
             Began as a Vampire Assassin on July 23, 2019.
             Slain by Grinder (7 damage)
             ... while paralysed by Grinder
             ... on level 3 of the Dungeon.
             The game lasted 00:11:24 (2058 turns).

soiiure the Sneak (Vampire Assassin)                Turns: 2058, Time: 00:11:24

Health: 0/47       AC:  4    Str: 12    XL:     6   Next: 6%
Magic:  6/6        EV:  2    Int: 13    God:
Gold:   252        SH:  0    Dex: 16    Spells: 5/5 levels left

rFire    . . .     SeeInvis +   a - +2 dagger
rCold    . . .     Gourm    .   (no shield)
rNeg     . . .     Faith    .   f - +0 leather armour
rPois    .         Spirit   .   (no helmet)
rElec    .         Reflect  .   c - +0 cloak
rCorr    .         Harm     .   (no gloves)
MR       .....                  (no boots)
Stlth    ++++......             (no amulet)
HPRegen  0.35/turn              (no ring)
MPRegen  0.10/turn              (no ring)

@: paralysed, lethally poisoned (0 -> -1), regenerating quickly
A: no food, fangs 3, see invisible, unbreathing
a: Exsanguinate


You were on level 3 of the Dungeon.
You were alive.

You visited 1 branch of the dungeon, and saw 3 of its levels.

You collected 252 gold pieces.

Inventory:

Hand Weapons
 a - a +2 dagger (weapon)
Missiles
 d - 8 poisoned darts (quivered)
 j - 102 stones
Armour
 c - a +0 cloak (worn)
 f - a +0 leather armour (worn)
Jewellery
 e - an uncursed ring of positive energy
 m - a +3 ring of strength {unknown}
Scrolls
 b - a scroll of teleportation {unknown}
 g - 2 scrolls of identify {unknown}
 h - 2 scrolls of remove curse {unknown}
 k - a scroll of magic mapping {unknown}
Potions
 i - 2 potions of degeneration {unknown}
 l - 2 potions of might {unknown}
 n - a potion of agility {unknown}
 o - a potion of heal wounds {unknown}


   Skills:
 + Level 3.2 Fighting
 * Level 5.1 Short Blades
 - Level 1.5 Throwing
 - Level 1.1 Dodging
 + Level 7.6 Stealth


You had 5 spell levels left.
You didn't know any spells.
Your spell library was empty.

Dungeon Overview and Level Annotations

Branches:
Dungeon (3/15)

Altars:
Elyvilon
Trog

Annotations:
D:3 Grinder


Innate Abilities, Weirdness & Mutations

You do not eat.
Your natural rate of healing is unusually fast.
You have razor-sharp teeth.
You have supernaturally acute eyesight. (SInv)
You can survive without breathing.


Message History

You feel sick.
You see here 3 poisoned darts.
You feel sick.
Things that are here:
a poisoned dart; a giant cockroach corpse; a worm corpse You feel sick.
Throwing (i - inventory. (/) - cycle)
d - 9 poisoned darts (quivered)
Press: ? - help, Shift-Dir - straight line, f - Grinder
Aim: Grinder (lightly wounded)
You throw a poisoned dart. The poisoned dart hits Grinder.
Grinder is lightly wounded.
Grinder gestures at you.
You suddenly lose the ability to move!
You feel sick. Grinder hits you!
You writhe in agony.
You feel sick. Grinder hits you.
* * * LOW HITPOINT WARNING * * *
You writhe in agony.
* * * LOW HITPOINT WARNING * * *
Grinder hits you!
You die...

#.(.#(...# #........
#...#....# #.#......
##.†......# #.....##.
#....###### #.....#..
#. #....# #.#.#....
#...#....####..
#.###.##.
..(...()........ #.#
#....
########.###########.#
##.#. #((5@..)......#
#.#. ###############
#... #... ###. #. ##


You could see Grinder.

Vanquished Creatures
  Sigmund (D:2)
  Crazy Yiuf (D:2)
  A gnoll (D:2)
  An ooze (D:1)
  2 worms (D:3)
  4 dart slugs
  An orc (D:3)
  6 bats
  2 giant cockroaches
  5 goblins
  8 hobgoblins
  11 jackals
  A frilled lizard (D:1)
  8 kobolds
  9 rats
61 creatures vanquished.

Notes
Turn   | Place    | Note
-------+----------+-------------------------------------------
     0 | D:1      | soiiure the Vampire Assassin began the quest for the Orb.
     0 | D:1      | Reached XP level 1. HP: 16/16 MP: 1/1
    85 | D:1      | Reached skill level 6 in Stealth
   173 | D:1      | Reached XP level 2. HP: 22/22 MP: 2/2
   387 | D:1      | Reached XP level 3. HP: 26/27 MP: 3/3
   933 | D:2      | Noticed Sigmund
  1319 | D:2      | Reached XP level 4. HP: 34/34 MP: 4/4
  1455 | D:2      | Found a bloodstained altar of Trog.
  1456 | D:2      | Found a white marble altar of Elyvilon.
  1501 | D:2      | Found a runed translucent door.
  1502 | D:2      | Noticed Crazy Yiuf
  1509 | D:2      | Killed Crazy Yiuf
  1651 | D:2      | Killed Sigmund
  1651 | D:2      | Reached skill level 5 in Short Blades
  1651 | D:2      | Reached skill level 7 in Stealth
  1651 | D:2      | Reached XP level 5. HP: 29/41 MP: 5/5
  1718 | D:2      | Reached XP level 6. HP: 47/47 MP: 6/6
  1995 | D:3      | Noticed Grinder
  1997 | D:3      | Paralysed by Grinder for 6 turns
  2055 | D:3      | Paralysed by Grinder for 7 turns
  2058 | D:3      | Slain by Grinder

Levels and vault maps discovered:
D:1:      dpeg_arrival_ratfight, layout_loops_ring, serial_bayou_lake_a
D:2:      minmay_door_path, layout_rooms, gammafunk_temple_overflow_statue,
          uniq_crazy_yiuf_cottage, uniq_sigmund
D:3:      minmay_recursive_quarters, layout_basic, okawaru_trees_1,
          first_ration, fountainhead, grunt_gozag_breadcrumbs, uniq_terence,
          uniq_grinder

Skill      XL: |  1  2  3  4 |
---------------+-------------+-----
Stealth        | 6 7 |  7.6
Fighting       | 2 3 |  3.2
Short Blades   | 3 5 |  5.1
Throwing       | |  1.5
Dodging        | |  1.1

Action                   |  1- 3 |  4- 6 || total
-------------------------+-------+-------++-------
Melee: Dagger            |   164 |    51 ||   215
       Bite              |    12 |     4 ||    16
Throw: Dart              |    12 |    23 ||    35
       Stone             |     7 |    22 ||    29
 Stab: Sleeping          |     5 |     2 ||     7
       Distracted        |     1 |       ||     1
Armor: Leather armour    |    40 |     9 ||    49
Dodge: Dodged            |    72 |    16 ||    88

Table legend:
 A = Non-vault XP
 B = Vault XP
 C = Vault XP percentage of total XP
 D = Non-vault monster count
 E = Vault monster count
 F = Vault count percentage of total count
                 A         B        C        D         E       F
            +---------+---------+-------+---------+---------+-------
      Total |      98 |     304 |  75.6 |      47 |      14 |  23.0
            +---------+---------+-------+---------+---------+-------
        D:1 |      58 |       5 |   7.9 |      27 |       5 |  15.6
        D:2 |      32 |     285 |  89.9 |      17 |       4 |  19.0
        D:3 |       8 |      14 |  63.6 |       3 |       5 |  62.5
            +---------+---------+-------+---------+---------+-------
